Match 38882259
Unlisted

Match 38882259
End
Kradschützen Motorcycle Team
Panzerpioneer Squad
Panzerpioneer Squad
250 Light Carrier
Panzerpioneer Squad
Construct Light Support Kompanie
Selects Italian Infantry
Selects Sound the Alarm
Sound the Alarm
Panzerpioneer Squad
Panzerpioneer Squad
jooooooohn
BIOHAZARD
0
0

Comments sign in to comment!

No comments posted yet!